 Dungeon Crawl Stone Soup version 0.23.2-40-g277498a001 (webtiles) character file.

Game seed: 7195710928753161261

49 Deathwalker the Charmwright (level 4, -1/34 HPs)
             Began as a Human Skald on Aug 28, 2019.
             Slain by an orc (2 damage)
             ... on level 2 of the Dungeon.
             The game lasted 00:04:29 (1630 turns).

Deathwalker the Charmwright (Human Skald)           Turns: 1630, Time: 00:04:29

Health: -1/34      AC:  3    Str: 13    XL:     4   Next: 2%
Magic:  4/8        EV: 12    Int: 13    God:
Gold:   52         SH:  0    Dex: 12    Spells: 4/9 levels left

rFire    . . .     SeeInvis .   a - +0 hand axe
rCold    . . .     Gourm    .   (no shield)
rNeg     . . .     Faith    .   b - +0 leather armour
rPois    .         Spirit   .   (no helmet)
rElec    .         Reflect  .   (no cloak)
rCorr    .         Harm     .   (no gloves)
MR       .....                  (no boots)
Stlth    +.........             (no amulet)
HPRegen  0.11/turn              (no ring)
MPRegen  0.11/turn              (no ring)

@: lethally poisoned (-1 -> -5), singing, lightly drained
A: no striking features
a: no special abilities


You were on level 2 of the Dungeon.
You were not hungry.

You visited 1 branch of the dungeon, and saw 3 of its levels.

You collected 52 gold pieces.

Inventory:

Hand Weapons
 a - a +0 hand axe (weapon)
 j - a +0 dagger of draining
Missiles
 g - 51 stones (quivered)
Armour
 b - a +0 leather armour (worn)
 o - a +0 plate armour
Jewellery
 c - a +1 ring of evasion {unknown}
 i - an uncursed ring of ice {unknown}
Scrolls
 e - 3 scrolls of identify {unknown}
 f - a scroll of teleportation {unknown}
 h - 2 scrolls of amnesia {unknown}
 k - a scroll of fog {unknown}
 n - a scroll of enchant armour {unknown}
Potions
 l - a potion of heal wounds {unknown}
 m - a potion of magic {unknown}
 p - a potion of flight {unknown}
 q - a potion of cancellation {unknown}
Comestibles
 d - 6 rations


   Skills:
 + Level 2.7(2.5) Fighting
 - Level 2.0(1.7) Axes
 - Level 1.0(0.7) Armour
 - Level 2.0(1.7) Dodging
 - Level 3.0(2.7) Spellcasting
 - Level 3.0(2.7) Charms
 - Level 1.1(0.8) Translocations


You had 4 spell levels left.
You knew the following spells:

 Your Spells              Type           Power        Failure   Level  Hunger
a - Infusion              Chrm           #...         10%         1    #......
b - Song of Slaying       Chrm           #.......     14%         2    ###....
c - Shroud of Golubria    Chrm/Tloc      #.........   22%         2    ###....

Your spell library contained the following spells:

 Spells                   Type           Power        Failure   Level  Hunger
 Regeneration             Chrm/Necr      #.........   45%         3    ###....
 Spectral Weapon          Hex/Chrm       #.......     45%         3    ###....


Dungeon Overview and Level Annotations

Branches:
Dungeon (3/15)

Altars:


Message History

The orc closely misses you.
You hit the goblin.
You kill the goblin!
You completely miss the orc.
* * * LOW HITPOINT WARNING * * *
You feel sick. The orc hits you with a +0 club.
* * * LOW HITPOINT WARNING * * *
You barely miss the orc.
The orc is severely wounded.
* * * LOW HITPOINT WARNING * * *
You feel sick. The orc barely misses you.
You hit the orc.
You kill the orc!
You have reached level 4!
You feel stronger.
You hit the orc.
The orc is moderately wounded.
* * * LOW HITPOINT WARNING * * *
You feel sick. The orc hits you.
You die...

#..........#####
##########.# ##### #.#
##...## #.# ##.....# #.#
#......# #.# ######
#......# ##.#######...).
#.#...#####..............
#.##...o@........<##.###.
####
#.#########....#####.# #.
...# #.# ##.#.......###.
##.# #.# #.#######.....
#.# #.# #.# #####. #.#
#.### ##+## #... #.#
#.#.## ##...## #.#. ##.#
#..#.# ##.....## #.#)
...# ##..## ##.......##
##.#.


You could see an orc.

Vanquished Creatures
  An adder (D:2)
  An ooze (D:1)
  A worm (D:2)
  A leopard gecko (D:1)
  An orc (D:2)
  5 bats
  A giant cockroach (D:2)
  4 goblins (D:2)
  4 hobgoblins
  4 kobolds
  3 frilled lizards (D:1)
  3 rats (D:1)
29 creatures vanquished.

Notes
Turn   | Place    | Note
-------+----------+-------------------------------------------
     0 | D:1      | Deathwalker the Human Skald began the quest for the Orb.
     0 | D:1      | Reached XP level 1. HP: 16/16 MP: 3/3
    43 | D:1      | Reached XP level 2. HP: 18/22 MP: 3/5
    47 | D:1      | Learned a level 2 spell: Song of Slaying
    50 | D:1      | Learned a level 2 spell: Shroud of Golubria
   388 | D:1      | Reached XP level 3. HP: 23/27 MP: 7/7
   823 | D:2      | Reached skill level 1 in Translocations
  1629 | D:2      | Reached XP level 4. HP: 2/34 MP: 4/8
  1630 | D:2      | HP: 1/34 [poisoned by a kobold]
  1630 | D:2      | Slain by an orc

Skill      XL: |  1  2  3 |
---------------+----------+-----
Spellcasting   | 3 |  3.0
Translocations | 1 |  1.1
Fighting       | |  2.7
Axes           | |  2.0
Armour         | |  1.0
Dodging        | |  2.0
Charms         | |  3.0

Action                   |  1- 3 |  4- 6 || total
-------------------------+-------+-------++-------
Melee: Hand axe          |    66 |     1 ||    67
       Dagger            |    24 |       ||    24
 Cast: Infusion          |     2 |       ||     2
       Song of Slaying   |     2 |       ||     2
       Shroud of Golubri |     1 |       ||     1
  Eat: Ration            |     1 |       ||     1
       Chunk             |     1 |       ||     1
Armor: Leather armour    |    22 |       ||    22
Dodge: Dodged            |    60 |       ||    60
